 Dungeon Crawl Stone Soup version 0.18.1-5-g4a78601 (webtiles) character file.

66621 Ponchio the Fighter (level 15, -13/98 HPs)
             Began as a Gargoyle Fighter on May 13, 2016.
             Was the Champion of Qazlal.
             Mangled by a sun demon (17 damage)
             ... on level 7 of the Lair of Beasts.
             The game lasted 02:15:37 (18565 turns).

Ponchio the Fighter (Gargoyle Fighter)             Turns: 18565, Time: 02:15:38

Health: -13/98     AC: 21    Str: 21    XL:     15   Next: 20%
Magic:  15/15      EV: 19    Int: 14    God:    Qazlal [******]
Gold:   1084       SH:  8    Dex: 14    Spells: 0 memorised, 14 levels left

rFire  + . .     SeeInvis +     b - +5 battleaxe (vamp)
rCold  . . .     Gourm    .     O - +3 leather armour "Jesat" {Int+3}
rNeg   + . .     Faith    .     (shield currently unavailable)
rPois  ∞         Spirit   .     K - +2 hat
rElec  +         Dismiss  .     x - +0 cloak
rCorr  .         Reflect  .     (no gloves)
SustAt +         Harm     .     (no boots)
MR     +....                    (no amulet)
Stlth  +.........               t - ring of see invisible
                                B - ring of sustain attributes

@: protected from fire, flying, very slightly contaminated, repel missiles,
somewhat resistant to hostile enchantments, very unstealthy
A: big wings, clever 1, negative energy resistance 1, electricity resistance,
unbreathing, petrification resistance, rot immunity, AC +11
a: Stop Flying, Upheaval, Elemental Force, Disaster Area, Renounce Religion


You were on level 7 of the Lair of Beasts.
You worshipped Qazlal.
Qazlal was exalted by your worship.
You were not hungry.

You visited 2 branches of the dungeon, and saw 16 of its levels.
You also visited: Sewer.

You collected 1084 gold pieces.

Inventory:

Hand Weapons
 b - a +5 vampiric battleaxe (weapon)
 g - the +8 great mace of Hoidezif {crush, rPois rC+++ MR- Int+4}
   (You found it on level 3 of the Lair of Beasts)

   It inflicts extra damage upon your enemies.
   It affects your intelligence (+4).
   It renders you almost immune to cold.
   It protects you from poison.
   It affects your resistance to hostile enchantments.
 y - a +4 whip of electrocution
 T - the +7 scimitar of Tumult {antimagic, *Noise +Rage rF++ rN+}
   (You found it on level 6 of the Lair of Beasts)

   It disrupts the flow of magical energy around spellcasters and certain
   magical creatures (including the wielder).
   It greatly protects you from fire.
   It protects you from negative energy.
   It lets you go berserk.
   It may make noises in combat.
Armour
 c - a +1 shield
 x - a +0 cloak (worn)
 K - a +2 hat (worn)
 L - a +0 fire dragon armour
 O - the +3 leather armour "Jesat" (worn) {Int+3}
   (You found it on level 4 of the Lair of Beasts)

   It affects your intelligence (+3).
 Z - the +1 swamp dragon armour of Cowardice {rPois MR- Int+5}
   (You found it on level 6 of the Lair of Beasts)

   It affects your intelligence (+5).
   It protects you from poison.
   It affects your resistance to hostile enchantments.
Jewellery
 a - an uncursed ring of protection from fire {unknown}
 i - an uncursed ring of positive energy
 j - an uncursed ring of flight {unknown}
 k - an uncursed ring of protection from fire {unknown}
 t - a ring of see invisible (right hand)
 w - a +2 ring of evasion
 B - a ring of sustain attributes (left hand)
 U - an uncursed ring of positive energy
Wands
 e - a wand of acid (8/15)
 m - a wand of confusion (10/48)
 s - a wand of acid (4/15)
 z - a wand of hasting (2/9)
 G - a wand of enslavement (9/24)
Scrolls
 h - 11 scrolls of remove curse
 r - a scroll of recharging
 C - a scroll of magic mapping
 E - 10 scrolls of teleportation
 H - a scroll of blinking {unknown}
Potions
 d - 3 potions of might
 l - a potion of degeneration {unknown}
 o - 2 potions of curing
 q - a potion of agility
 u - 5 potions of flight
 v - 2 potions of magic
 A - 4 potions of cancellation
 D - 3 potions of cure mutation
 F - a potion of beneficial mutation {unknown}
 I - 2 potions of berserk rage {unknown}
 M - 2 potions of brilliance {unknown}
 R - 2 potions of invisibility {unknown}
 W - 2 potions of ambrosia {unknown}
Books
 S - a book of Maledictions

   Spells                             Type                      Level
   a - Corona                         Hexes                        1
   b - Ensorcelled Hibernation        Hexes/Ice                    2
   c - Confuse                        Hexes                        3
   d - Tukima's Dance                 Hexes                        3
   e - Dazzling Spray                 Conjuration/Hexes            3
Miscellaneous
 P - a phial of floods (inert)
 X - a stone of tremors (inert)
Comestibles
 f - 5 bread rations
 n - 6 meat rations
 p - 6 fruits
 J - 4 chunks of flesh


   Skills:
 - Level 13.0 Fighting
 * Level 8.2(10.8) Axes
 - Level 12.0(13.1) Maces & Flails
 - Level 6.1 Armour
 + Level 11.8 Dodging
 - Level 12.8 Shields


You had 14 spell levels left.
You didn't know any spells.

Dungeon Overview and Level Annotations

Branches:
Dungeon (8/15)             Temple (0/1) D:5            Lair (8/8) D:8
 Shoals (0/4) Lair:5        Snake (0/4) Lair:6        Slime (0/6) Lair:8

Altars:
Cheibriados
Fedhas
Gozag
Kikubaaqudgha
Qazlal
Ru
Sif Muna
Trog
Xom
Zin
Jiyva

Annotations:
D:4 Suckerboh's ghost, amateur MiGl


Innate Abilities, Weirdness & Mutations

You are resistant to torment.
Your stone body is resilient (AC +11).
You are immune to poison.
Your large and strong wings let you fly indefinitely.
You resist negative energy.
You are resistant to electric shocks.
You can survive without breathing.
You are immune to petrification.
You are immune to rotting.
Your mind is acute. (Int +2)


Message History

r - Retreat! s - Stop attacking. w - Wait here. f - Follow me.
Anything else - Stay silent.
Gang up on whom?
Press: ? - help, Dir - move target cursor, f - sun demon
Aim: a sun demon (almost dead) Attack!
Your extra speed is starting to run out.
You feel yourself slow down.
Your earth elemental barely misses the sun demon.
You block the sun demon's attack. You block the sun demon's attack.
Your earth elemental disappears in a puff of smoke!
The sun demon is engulfed in freezing vapours.
The sun demon misses you. The sun demon hits you!!
* * * LOW HITPOINT WARNING * * *
You are engulfed in flames!
You feel protected from fire.
You die...

..# ##...### #P..# ##.....#.
..###P...# ##..## ##..[...
..##....## #...## #.....P
.(......# #....###....P.
.#....#.# #########....P###.....
.#.....#####.##.#.....PP.#.#.....
........##..§§#.........P........
............§..§..§..>.P.........
............§..3@§...............
...........§......§..............
.............§§..................
.................................
...............###...............
......##.PP....P##..#.#..........
.#.#.####.P..####.#..##.....#....
....## #P.#### #########....###.
.##.# #### ###.§.##.


You could see a sun demon.

Vanquished Creatures
  Maud (Lair:8)
  A fire dragon (Lair:3)
  11 hydras
  Erica (D:8)
  14 death yaks
  Sonja (Lair:3)
  A wizard (Lair:8)
  An orange crystal statue (Lair:6)
  2 oklob plants (Lair:2)
  2 griffons (Lair:5)
  38 elephants
  6 black mambas
  25 spiny frogs
  An orange demon (Lair:8)
  Psyche (D:8)
  4 komodo dragons
  An ice devil (Lair:8)
  3 rime drakes
  6 polar bears (Lair:5)
  16 blink frogs
  A snapping turtle (Lair:5)
  A boulder beetle (Lair:8)
  Sigmund (D:3)
  2 hell hounds
  A fire elemental (Lair:3)
  27 yaks
  A hungry ghost (D:8)
  6 basilisks
  Grum (D:8)
  7 hippogriffs
  A naga (Lair:6)
  9 water moccasins
  6 porcupines
  Duvessa (D:6)
  A slave (D:8)
  Purgy (Sewer)
  2 orc warriors
  2 black bears
  An ice beast (D:8)
  2 sky beasts
  4 ogres
  3 phantoms
  A necrophage (D:6)
  19 wolves
  5 centaurs
  A big kobold (D:7)
  22 crocodiles
  13 giant frogs
  Dowan (D:6)
  A scorpion (D:8)
  6 killer bees (D:6)
  3 electric eels
  3 howler monkeys (D:7)
  A lava snake (Lair:3)
  4 crimson imps
  3 hounds
  2 orc priests
  A jelly (D:7)
  7 orc wizards
  9 iguanas
  Natasha (thrice) (D:3)
  3 worker ants
  A sheep (Lair:7)
  A hound skeleton (D:4)
  6 adders
  52 river rats
  A shadow imp (D:6)
  An adder zombie (D:5)
  An adder skeleton (D:5)
  3 worms
  A dart slug (D:1)
  6 giant geckos
  23 orcs
  2 giant cockroaches
  7 goblins
  14 hobgoblins
  6 jackals
  9 kobolds
  A quokka (D:2)
  5 ball pythons
  5 bats
  A giant gecko skeleton (D:5)
  9 giant newts
  A quokka zombie (D:8)
  22 rats
  3 bushes
  A butterfly (Lair:5)
  72 fungi
  38 plants
617 creatures vanquished.

Vanquished Creatures (collateral kills)
  A hell hound (D:8)
  An adder (D:8)
2 creatures vanquished.

Vanquished Creatures (others)
  A crocodile (Lair:8)
  9 fungi
  6 plants
16 creatures vanquished.

Grand Total: 635 creatures vanquished

Notes
Turn   | Place    | Note
--------------------------------------------------------------
     0 | D:1      | Ponchio the Gargoyle Fighter began the quest for the Orb.
     0 | D:1      | Reached XP level 1. HP: 14/14 MP: 1/1
   175 | D:1      | Reached XP level 2. HP: 19/19 MP: 2/2
   666 | D:2      | Reached XP level 3. HP: 23/24 MP: 3/3
   786 | D:2      | Found a stormy altar of Qazlal.
   786 | D:2      | Noticed an air elemental
   789 | D:2      | Noticed a fire elemental
   790 | D:2      | Noticed a water elemental
   790 | D:2      | Noticed an earth elemental
  1076 | D:2      | Became a worshipper of Qazlal Stormbringer
  1356 | D:2      | Reached skill level 4 in Fighting
  1377 | D:2      | Reached XP level 4. HP: 29/29 MP: 4/4
  1719 | D:3      | Found a glowing drain.
  1750 | Sewer    | Entered a sewer
  1796 | Sewer    | Noticed Purgy
  1801 | Sewer    | Killed Purgy
  1801 | Sewer    | Reached XP level 5. HP: 34/34 MP: 5/5
  2143 | D:3      | Reached * piety under Qazlal
  2182 | D:3      | Noticed Natasha
  2190 | D:3      | Killed Natasha
  2389 | D:3      | Noticed Sigmund
  2404 | D:3      | Reached XP level 6. HP: 31/39 MP: 6/6
  2415 | D:3      | Killed Sigmund
  2415 | D:3      | Reached skill level 5 in Armour
  2548 | D:3      | Noticed Natasha
  2553 | D:3      | Killed Natasha
  2553 | D:3      | Reached skill level 5 in Fighting
  2684 | D:3      | Noticed Natasha
  2696 | D:3      | Killed Natasha
  2696 | D:3      | Reached XP level 7. HP: 32/44 MP: 7/7
  2710 | D:3      | Found a deep blue altar of Sif Muna.
  3144 | D:4      | Found a shimmering altar of Xom.
  3192 | D:4      | Found a bloodstained altar of Trog.
  3193 | D:4      | Noticed Suckerboh's ghost (amateur MiGl)
  3263 | D:4      | Found a shimmering altar of Xom.
  3263 | D:4      | Found a shimmering altar of Xom.
  3264 | D:4      | Found a shimmering altar of Xom.
  3265 | D:4      | Found a shimmering altar of Xom.
  3266 | D:4      | Found a shimmering altar of Xom.
  3409 | D:4      | Reached skill level 5 in Shields
  3665 | D:5      | Entered Level 5 of the Dungeon
  3771 | D:5      | Identified the Incunabulum of Heat and Earth
  3794 | D:5      | Found a staircase to the Ecumenical Temple.
  4236 | D:6      | Reached skill level 5 in Maces & Flails
  4308 | D:6      | Reached ** piety under Qazlal
  4308 | D:6      | Reached XP level 8. HP: 42/51 MP: 8/8
  4796 | D:6      | Reached skill level 6 in Fighting
  5187 | D:6      | Noticed Duvessa
  5187 | D:6      | Noticed Dowan
  5201 | D:6      | Killed Duvessa
  5214 | D:6      | Killed Dowan
  5214 | D:6      | Reached skill level 1 in Dodging
  5636 | D:6      | Gained mutation: Your mind is acute. (Int +2) [mutagenic meat]
  5649 | D:6      | Reached XP level 9. HP: 56/56 MP: 9/9
  5863 | D:6      | Reached skill level 7 in Fighting
  6044 | D:6      | Reached *** piety under Qazlal
  6449 | D:7      | Found a deep blue altar of Sif Muna.
  6733 | D:8      | Identified a scroll of acquirement
  6801 | D:8      | Noticed Erica
  6819 | D:8      | Killed Erica
  6819 | D:8      | Reached skill level 8 in Fighting
  6819 | D:8      | Reached XP level 10. HP: 51/64 MP: 10/10
  6841 | D:8      | Noticed Grum
  6858 | D:8      | Killed Grum
  6906 | D:8      | Found a snail-covered altar of Cheibriados.
  6906 | D:8      | Found a blossoming altar of Fedhas.
  6910 | D:8      | Found an ancient bone altar of Kikubaaqudgha.
  6916 | D:8      | Found a sacrificial altar of Ru.
  6955 | D:8      | Noticed Psyche
  6976 | D:8      | Killed Psyche
  7080 | D:8      | Reached **** piety under Qazlal
  7104 | D:8      | Found a glowing silver altar of Zin.
  7105 | D:8      | Found an opulent altar of Gozag.
  7223 | D:8      | Found a staircase to the Lair.
  7519 | Lair:1   | Entered Level 1 of the Lair of Beasts
  7576 | Lair:1   | Noticed a five-headed hydra
  7584 | Lair:1   | Noticed a four-headed hydra
  7585 | Lair:1   | Killed a five-headed hydra
  7585 | Lair:1   | Reached skill level 9 in Fighting
  7588 | Lair:1   | Noticed a spiny frog
  7635 | D:8      | Killed a spiny frog
  7635 | D:8      | Reached skill level 5 in Dodging
  7848 | D:8      | Killed a four-headed hydra
  7848 | D:8      | Reached XP level 11. HP: 24/71 MP: 11/11
  8402 | Lair:1   | Noticed an eight-headed hydra
  8443 | Lair:1   | Killed an eight-headed hydra
  8443 | Lair:1   | Reached skill level 10 in Fighting
  8738 | Lair:1   | Noticed an eight-headed hydra
  8751 | Lair:1   | Killed an eight-headed hydra
  8751 | Lair:1   | Reached skill level 10 in Shields
  9693 | Lair:2   | Reached skill level 10 in Maces & Flails
 10072 | Lair:2   | Reached XP level 12. HP: 79/79 MP: 12/12
 10104 | Lair:2   | Noticed a five-headed hydra
 10110 | Lair:2   | Killed a five-headed hydra
 10513 | Lair:2   | Reached skill level 11 in Fighting
 10985 | Lair:3   | Noticed Sonja
 11018 | Lair:3   | Reached ***** piety under Qazlal
 11094 | Lair:3   | Killed Sonja
 11331 | Lair:3   | Got a crystal great mace
 11338 | Lair:3   | Identified the +8 great mace of Hoidezif {crush, rPois rC+++ MR- Int+4} (You found it on level 3 of the Lair of Beasts)
 11558 | Lair:3   | Noticed a fire dragon
 11582 | Lair:3   | Killed a fire dragon
 12477 | Lair:4   | Noticed a six-headed hydra
 12677 | Lair:3   | Reached XP level 13. HP: 65/85 MP: 13/13
 12950 | Lair:4   | Got a translucent leather armour
 12981 | Lair:4   | Identified the +3 leather armour "Jesat" {Int+3} (You found it on level 4 of the Lair of Beasts)
 13516 | Lair:5   | Reached skill level 12 in Fighting
 13819 | Lair:5   | Reached skill level 10 in Dodging
 14546 | Lair:5   | Found a staircase to the Shoals.
 14743 | Lair:5   | Reached ****** piety under Qazlal
 15038 | Lair:6   | Got a fine scimitar
 15073 | Lair:6   | Gained mutation: Your large and strong wings let you fly indefinitely. [Gargoyle growth]
 15073 | Lair:6   | Reached XP level 14. HP: 77/92 MP: 14/14
 15615 | Lair:6   | Found a staircase to the Snake Pit.
 15842 | Lair:6   | Got a smoking swamp dragon armour
 15860 | Lair:6   | Got a blackened scimitar
 15861 | Lair:6   | Identified the cursed +2 scimitar "Jihox" {drain, +Rage rPois SInv} (You found it on level 6 of the Lair of Beasts)
 15882 | Lair:6   | Identified the cursed +1 swamp dragon armour of Cowardice {rPois MR- Int+5} (You found it on level 6 of the Lair of Beasts)
 15883 | Lair:6   | Identified the +7 scimitar of Tumult {antimagic, *Noise +Rage rF++ rN+} (You found it on level 6 of the Lair of Beasts)
 16106 | Lair:6   | Reached skill level 1 in Axes
 16268 | Lair:7   | Reached skill level 13 in Fighting
 17275 | Lair:8   | Entered Level 8 of the Lair of Beasts
 17292 | Lair:7   | Reached skill level 5 in Axes
 17389 | Lair:8   | Reached XP level 15. HP: 79/98 MP: 15/15
 17415 | Lair:8   | Noticed Maud
 17426 | Lair:8   | Killed Maud
 17551 | Lair:8   | Found a staircase to the Slime Pits.
 17551 | Lair:8   | Found a viscous altar of Jiyva.
 17798 | Lair:8   | HP: 4/98 [14-headed hydra (4)]
 18395 | Lair:8   | Paralysed by a wizard for 5 turns
 18565 | Lair:7   | HP: 4/98 [sun demon (18)]
 18565 | Lair:7   | Mangled by a sun demon

Skill      XL: |  1  2  3  4  5  6  7  8  9 10 11 12 13 14 15 |
---------------+----------------------------------------------+-----
Fighting       | 4 5 6 8 9 10 11 12 13 | 13.0
Maces & Flails | 3 4 5 6 8 9 10 11 12 | 12.0
Armour         | 4 5 6 |  6.1
Shields        | 4 5 6 8 9 10 11 12 | 12.8
Dodging        | 1 3 5 7 8 10 11 | 11.8
Axes           | 7 8 |  8.2

Action                   |  1- 3 |  4- 6 |  7- 9 | 10-12 | 13-15 || total
-------------------------+-------+-------+-------+-------+-------++-------
Melee: Flail             |   128 |   102 |       |    27 |       ||   257
       Whip              |       |    43 |   521 |   649 |   518 ||  1731
       Great mace        |       |       |       |    41 |    44 ||    85
       Battleaxe         |       |       |       |       |   239 ||   239
 Abil: Fly               |       |       |       |       |     1 ||     1
Evoke: Wand              |       |     4 |       |     6 |     4 ||    14
       Stone of tremors  |       |       |       |       |     1 ||     1
       Phial of floods   |       |       |       |       |     1 ||     1
  Use: Scroll            |       |     8 |     7 |     5 |    15 ||    35
       Potion            |       |       |     1 |     8 |     4 ||    13
  Eat: Chunk             |     2 |     4 |    15 |    16 |    11 ||    48
       Beef jerky        |       |       |       |     2 |     1 ||     3
       Royal jelly       |       |       |       |     1 |     1 ||     2
       Pizza             |       |       |       |       |     2 ||     2
       Fruit             |       |       |       |       |     5 ||     5
       Bread ration      |       |       |       |       |     4 ||     4
Armor: Scale mail        |    65 |    62 |    72 |       |       ||   199
       Ring mail         |       |       |    86 |   184 |    91 ||   361
       Leather armour    |       |       |       |       |   173 ||   173
Dodge: Dodged            |    43 |    27 |    86 |   229 |   622 ||  1007
       Deflected         |       |       |       |     5 |     1 ||     6
Block: Shield            |    76 |    78 |   339 |   555 |   437 ||  1485
       Other             |       |       |       |    13 |   188 ||   201
